 Dungeon Crawl Stone Soup version 0.24.0-123-gd5b16e6ec5 (webtiles) character file.

Game seed: 2322558855456469862, levelgen mode: deterministic

291 Elellon the Chopper (level 6, 0/56 HPs)
             Began as a Deep Dwarf Fighter on Jan 15, 2020.
             Was a Believer of Makhleb.
             Splashed by Ijyb's acid (10 damage)
             ... on level 4 of the Dungeon.
             The game lasted 00:05:24 (3053 turns).

Elellon the Chopper (Deep Dwarf Fighter)            Turns: 3053, Time: 00:05:25

Health: 0/56       AC: -2    Str: 22    XL:     6   Next: 10%
Magic:  6/6        EV:  7    Int:  8    God:    Makhleb [**....]
Gold:   158        SH:  9    Dex: 12    Spells: 5/5 levels left

rFire    . . .     SeeInvis .   a - +0 war axe
rCold    . . .     Gourm    .   c - +0 shield
rNeg     . . .     Faith    .   b - +0 scale mail
rPois    .         Spirit   .   r - +0 helmet
rElec    .         Reflect  .   s - +0 cloak
rCorr    .         Harm     .   (no gloves)
MR       .....                  (no boots)
Stlth    ..........             (no amulet)
HPRegen  0.00/turn              (no ring)
MPRegen  0.10/turn              (no ring)

@: corroded, non-regenerating
A: damage resistance, heal wounds, sense surroundings 1, no regeneration
a: Heal Wounds, Minor Destruction, Renounce Religion


You were on level 4 of the Dungeon.
You worshipped Makhleb.
Makhleb was pleased with you.
You were hungry.

You visited 2 branches of the dungeon, and saw 5 of its levels.

You collected 158 gold pieces.

Inventory:

Hand Weapons
 a - a +0 war axe (weapon)
Armour
 b - a +0 scale mail (worn)
 c - a +0 shield (worn)
 r - a +0 helmet (worn)
 s - a +0 cloak (worn)
Jewellery
 p - a cursed amulet of inaccuracy {unknown}
Scrolls
 g - 2 scrolls of fog {unknown}
 i - 2 scrolls of enchant armour {unknown}
 k - 2 scrolls of remove curse {unknown}
 m - 9 scrolls of identify {unknown}
 n - a scroll of fear {unknown}
 o - a scroll of amnesia {unknown}
 t - a scroll of enchant weapon {unknown}
Potions
 d - 4 potions of might
 e - a potion of curing {unknown}
 h - 3 potions of lignification {unknown}
 j - a potion of degeneration {unknown}
 l - a potion of ambrosia {unknown}
 q - 3 potions of flight {unknown}
 v - 2 potions of brilliance {unknown}
 w - a potion of haste {unknown}
Comestibles
 f - 10 rations
 u - 9 chunks of flesh


   Skills:
 + Level 3.1 Fighting
 * Level 6.3 Axes
 + Level 3.7 Armour
 + Level 3.7 Shields


You had 5 spell levels left.
You didn't know any spells.
Your spell library contained the following spells:

 Spells                   Type           Power        Failure   Level  Hunger
 Animate Skeleton         Necr           N/A          99%         1    ##.....
 Apportation              Tloc           #.....       99%         1    ##.....
 Confusing Touch          Hex            #.....       99%         1    ##.....
 Summon Small Mammal      Summ           #...         99%         1    ##.....


Dungeon Overview and Level Annotations

Branches:
Dungeon (4/15)             Temple (1/1) D:4

Altars:
Makhleb
Yredelemnul

Annotations:
D:4 Ijyb


Innate Abilities, Weirdness & Mutations

You are resistant to damage.
You can heal yourself by infusing magical energy.
You passively map a small area around you.
You do not regenerate.


Message History

You are splashed with acid!
You are too injured to fight recklessly!
You are too injured to fight recklessly!
You are too injured to fight recklessly!
You are too injured to fight recklessly!
You closely miss Ijyb.
Ijyb is moderately wounded.
Ijyb hits you but does no damage.
You closely miss Ijyb.
Ijyb is moderately wounded.
Ijyb zaps a wand.
The bolt of acid misses you.
You closely miss Ijyb.
Ijyb is moderately wounded.
Ijyb hits you with a +0 club.
You closely miss Ijyb.
Ijyb is moderately wounded.
Ijyb zaps a wand.
The bolt of acid hits you!!
* * * LOW HITPOINT WARNING * * *
The acid corrodes you!
You are splashed with acid!
You die...

##...######...#########...# #.
#......# #....#..$.[..###.# #.
..<.>..###....#8.....8###[######.
........##....#.......#.#........
.......###....#8.....8#..........
#......# #....#.......#.#........
#....#.# #....#8.....8#...######.
#......# #....#))g..!.##### ##.
######.# ######8@....8# #.. #.#
#..).....# ##. #.# ##..$.....# #.
#.# #.......<.# ######.
#.#######.######### #...(..
#......##.# #.##.#.
######.##.#### #.##.#. #.......#
* #.[.... #######.# * #.#..#.


You could see Ijyb.

Vanquished Creatures
  A hound (D:4)
  A centaur skeleton (D:4)
  Robin (D:2)
  8 gnolls
  4 adders
  3 worms
  A leopard gecko (D:3)
  8 orcs
  3 giant cockroaches
  16 goblins
  6 hobgoblins
  10 jackals
  8 kobolds
  A quokka (D:4)
  A ball python (D:1)
  9 bats
  9 frilled lizards
  A quokka skeleton (D:4)
  7 rats
98 creatures vanquished.

Notes
Turn   | Place    | Note
-------+----------+-------------------------------------------
     0 | D:1      | Elellon the Deep Dwarf Fighter began the quest for the Orb.
     0 | D:1      | Reached XP level 1. HP: 20/20 MP: 1/1
   102 | D:1      | Reached skill level 3 in Axes
   103 | D:1      | Reached XP level 2. HP: 21/27 MP: 2/2
   536 | D:2      | Reached XP level 3. HP: 25/33 MP: 3/3
   571 | D:2      | Reached skill level 4 in Axes
   591 | D:2      | Found a burning altar of Makhleb.
   591 | D:2      | Noticed a cacodemon
   595 | D:2      | Noticed a hellwing
   595 | D:2      | Noticed a hellwing
   597 | D:2      | Became a worshipper of Makhleb the Destroyer
   788 | D:2      | Noticed Robin
   810 | D:2      | Killed Robin
   814 | D:2      | Reached XP level 4. HP: 24/40 MP: 4/4
  1346 | D:3      | Reached skill level 5 in Axes
  2243 | D:3      | Reached * piety under Makhleb
  2503 | D:4      | Reached XP level 5. HP: 26/46 MP: 5/5
  2578 | D:4      | Found a staircase to the Ecumenical Temple.
  2588 | Temple   | Entered the Ecumenical Temple
  2642 | D:4      | Reached skill level 6 in Axes
  2800 | D:4      | Reached XP level 6. HP: 56/56 MP: 6/6
  2852 | D:4      | Reached ** piety under Makhleb
  3037 | D:4      | Noticed Ijyb
  3053 | D:4      | Splashed by Ijyb's acid

Levels and vault maps discovered:
D:1:      minmay_arrival_checkered_box, layout_rooms, minivault_25
D:2:      minmay_inner_zag, layout_basic, serial_forest,
          infiniplex_forest_lined_room_, infiniplex_forest_zigzag_2,
          infiniplex_forest_clump_diagonal, infiniplex_forest_lined_3,
          infiniplex_forest_3_way, infiniplex_forest_lined_4_way,
          infiniplex_forest_straight_3, makhleb_altar_promises_db, uniq_robin
D:3:      layout_basic, first_ration
D:4:      kennysheep_the_goblin_king, layout_loops_cross,
          grunt_temple_overflow_diamond, minmay_temple_entry_glassed_door,
          nrook_uturn, minmay_fractal_squares_5, uniq_ijyb
Temple:   eino_wide_crystal_templ

Skill      XL: |  1  2  3  4  5 |
---------------+----------------+-----
Axes           | 3 4 5 6 |  6.3
Fighting       | 3 |  3.1
Armour         | |  3.7
Shields        | |  3.7

Action                   |  1- 3 |  4- 6 || total
-------------------------+-------+-------++-------
Melee: War axe           |   130 |   196 ||   326
 Abil: Heal Wounds       |       |     4 ||     4
  Eat: Chunk             |       |     7 ||     7
Armor: Scale mail        |    65 |    86 ||   151
Dodge: Dodged            |    45 |    66 ||   111
Block: Shield            |    65 |   104 ||   169
